cohdb
Replays
Latest Replays
All Replays
Popular Replays
Top Player Replays
Match Explorer
How It Works
Community
CoH3 Stats
Reddit
Sign in to upload your games and track your stats! →
Sign in with Steam
Match 45325023
Unlisted
Match 45325023
Overview
Messages
Build Orders
End
Royal Engineer Section
Construct Section Command Post
Selects Canadian Shock Battlegroup
Dingo Light Scout Car
Infantry Section
Grenade Package
Selects Attacking Spirit
Selects Canadian Shock Section
Canadian Shock Section
Canadian Shock Section
Construct Platoon Command Post
Selects Incendiary Munitions
Unlock M3 Stuart Light Tanks
M3 Stuart Light Tank
Selects Pyrotechnics
Unlock Bishop Self-propelled Artillery
PacsoSdrogo
Positive Dennis
Jm200092
ST Hélios | No Game No Life
0
0
Comments
sign in to comment!
No comments posted yet!